 Dungeon Crawl Stone Soup version 0.21-a0-531-gacddea6133 (webtiles) character file.

2491 Murumi the Fighter (level 9, 59/59 HPs)
             Began as a Gargoyle Fighter on Sept 25, 2017.
             Was an Elder of Elyvilon.
             Quit the game on level 7 of the Dungeon on Dec 12, 2017.
             The game lasted 00:26:28 (6063 turns).

Murumi the Fighter (Gargoyle Fighter)               Turns: 6063, Time: 00:26:29

Health: 59/59      AC: 30    Str: 23    XL:     9   Next: 52%
Magic:  12/12      EV: 10    Int:  9    God:    Elyvilon [****..]
Gold:   437        SH:  0    Dex:  9    Spells: 8/8 levels left

rFire    . . .     SeeInvis .   A - +2 flail (protect)
rCold    . . .     Gourm    .   (no shield)
rNeg     + . .     Faith    .   C - +0 plate armour
rPois    ∞         Spirit   .   h - +2 hat
rElec    +         Reflect  .   z - +0 cloak
rCorr    .         Harm     .   (no gloves)
MR       .....                  (no boots)
Stlth    ..........             (no amulet)
HPRegen  0.19/turn              g - +3 ring of evasion
MPRegen  0.13/turn              y - +2 ring of slaying

@: protection aura
A: negative energy resistance 1, electricity resistance, unbreathing,
petrification resistance, rot immunity, AC +6
a: Lesser Healing, Heal Other, Purification, Greater Healing, Divine Protection,
Renounce Religion


You were on level 7 of the Dungeon.
You worshipped Elyvilon.
Elyvilon was greatly pleased with you.
You were not hungry.

You visited 1 branch of the dungeon, and saw 7 of its levels.

You collected 450 gold pieces.
You spent 13 gold pieces at shops.

Inventory:

Hand Weapons
 A - a +2 flail of protection (weapon)
Missiles
 i - 220 stones (quivered)
Armour
 c - a +0 shield
 h - a +2 hat (worn)
 z - a +0 cloak (worn)
 C - a +0 plate armour (worn)
Jewellery
 g - a +3 ring of evasion (left hand)
 t - an uncursed ring of protection from magic
 u - an uncursed ring of see invisible
 y - a +2 ring of slaying (right hand)
Scrolls
 a - a scroll of teleportation {unknown}
 b - 3 scrolls of remove curse {unknown}
 e - 2 scrolls of immolation {unknown}
 k - a scroll of removedness
 l - a scroll of fog {unknown}
 r - 2 scrolls of random uselessness {unknown}
 s - a scroll of amnesia {unknown}
 v - 2 scrolls of enchant armour {unknown}
Potions
 d - 2 potions of ambrosia
 m - 2 potions of flight
 n - a potion of resistance
 o - 9 potions of curing
 w - a potion of cancellation
 D - a potion of heal wounds
Comestibles
 f - 5 bread rations
 j - 3 royal jellies
 p - 5 fruits
 q - 3 meat rations
 x - 5 chunks of flesh


   Skills:
 - Level 8.1 Fighting
 + Level 6.1 Maces & Flails
 - Level 8.0 Armour
 - Level 2.2 Dodging
 - Level 3.2 Shields
 - Level 5.1 Invocations


You had 8 spell levels left.
You didn't know any spells.

Dungeon Overview and Level Annotations

Branches:
Dungeon (7/15)
 Temple: D:4-7

Altars:
Elyvilon
Okawaru
Qazlal
Ru
Sif Muna
Uskayaw
Vehumet
Wu Jian

Shops:
D:6 !


Innate Abilities, Weirdness & Mutations

You are resistant to torment.
Your stone body is resilient. (AC +6)
You are immune to poison.
You resist negative energy. (rN+)
You are resistant to electric shocks. (rElec)
You can survive without breathing.
You are immune to petrification.
You are immune to rotting.


Message History

Your weapon exudes an aura of protection.
The adder is heavily wounded.
The adder closely misses you. The orc hits you but does no damage.
The adder bites you but does no damage.
You closely miss the adder.
The adder is heavily wounded.
The adder barely misses you. The orc misses you.
You sock the adder!
You kill the adder!
The orc barely misses you.
You closely miss the orc. The orc hits you but does no damage.
You sock the orc!
You kill the orc!
Found a short brass wand.
Things that are here:
a dagger; a ring mail Welcome back, Murumi the Gargoyle Fighter.
Elyvilon says: Go forth and aid the weak!
Press ? for a list of commands and other information.
Are you sure you want to abandon this character and quit the game? (Confirm with "yes".)

##...# .≈≈
....#....
....#....
......... #+
#.....%.. ##..
#...... .....
#†..#
.../..##<..##..
.......@........
................
................
################


There were no monsters in sight!

Vanquished Creatures
  The ghost of Narqulie the Covered, an amateur MiFi (D:4)
  Edmund (D:4)
  A water moccasin (D:5)
  An orc warrior (D:6)
  A phantom (D:5)
  A sky beast (D:6)
  A necrophage (D:3)
  4 ogres
  2 centaurs (D:6)
  3 bullfrogs (D:6)
  2 scorpions
  3 wights (D:6)
  2 crimson imps
  4 hounds
  An orc priest (D:4)
  Crazy Yiuf (D:3)
  2 jellies
  Ijyb (D:4)
  Natasha (thrice) (D:2)
  An iguana (D:5)
  3 orc wizards
  3 worker ants
  A worker ant zombie (D:6)
  Robin (D:2)
  6 adders
  4 gnolls (D:3)
  2 shadow imps
  3 oozes
  4 adder skeletons
  An adder zombie (D:6)
  3 worms
  4 dart slugs
  2 leopard geckos
  15 orcs
  2 ball pythons
  11 bats
  7 giant cockroaches
  14 hobgoblins
  10 jackals
  4 quokkas
  2 frilled lizards
  10 goblins
  6 kobolds
  A quokka zombie (D:5)
  13 rats
168 creatures vanquished.

Vanquished Creatures (others)
  2 orcs (D:4)
2 creatures vanquished.

Grand Total: 170 creatures vanquished

Notes
Turn   | Place    | Note
-------+----------+-------------------------------------------
     0 | D:1      | Murumi the Gargoyle Fighter began the quest for the Orb.
     0 | D:1      | Reached XP level 1. HP: 14/14 MP: 1/1
   105 | D:1      | Reached skill level 1 in Dodging
   296 | D:1      | Reached XP level 2. HP: 19/19 MP: 2/2
   629 | D:1      | Reached XP level 3. HP: 23/23 MP: 3/3
  1162 | D:2      | Noticed Natasha
  1178 | D:2      | Killed Natasha
  1178 | D:2      | Reached XP level 4. HP: 25/28 MP: 4/4
  1206 | D:2      | Found a hide-covered altar of Uskayaw.
  1299 | D:2      | Found a white marble altar of Elyvilon.
  1303 | D:2      | Became a worshipper of Elyvilon the Healer
  1307 | D:2      | Found an iron altar of Okawaru.
  1310 | D:2      | Found an ornate altar of the Wu Jian Council.
  1422 | D:2      | Noticed Robin
  1426 | D:2      | Noticed Natasha
  1455 | D:2      | Killed Natasha
  1455 | D:2      | Reached skill level 1 in Invocations
  1459 | D:2      | Killed Robin
  1465 | D:2      | Reached XP level 5. HP: 15/32 MP: 6/6
  1968 | D:2      | Noticed Natasha
  1976 | D:2      | Killed Natasha
  2134 | D:3      | Reached * piety under Elyvilon
  2608 | D:3      | Reached XP level 6. HP: 14/38 MP: 7/7
  3102 | D:3      | Found a runed door.
  3134 | D:3      | Noticed Crazy Yiuf
  3142 | D:3      | Killed Crazy Yiuf
  3223 | D:4      | Reached skill level 5 in Armour
  3298 | D:4      | Noticed a necrophage
  3306 | D:3      | Killed a necrophage
  3306 | D:3      | Reached skill level 5 in Fighting
  3330 | D:4      | Found a stormy altar of Qazlal.
  3366 | D:4      | Reached XP level 7. HP: 44/44 MP: 7/9
  3415 | D:4      | Noticed Edmund
  3432 | D:4      | Killed Edmund
  3475 | D:4      | Reached ** piety under Elyvilon
  3515 | D:4      | Reached skill level 5 in Invocations
  3661 | D:4      | Noticed Narqulie's ghost (amateur MiFi)
  3677 | D:4      | Killed Narqulie's ghost
  3677 | D:4      | Reached skill level 5 in Maces & Flails
  3677 | D:4      | Reached XP level 8. HP: 49/49 MP: 11/11
  3725 | D:4      | Noticed Ijyb
  3734 | D:4      | Killed Ijyb
  4108 | D:5      | Entered Level 5 of the Dungeon
  4295 | D:5      | Found a sacrificial altar of Ru.
  4351 | D:5      | Reached *** piety under Elyvilon
  5155 | D:6      | Reached XP level 9. HP: 58/59 MP: 12/12
  5413 | D:6      | Found a radiant altar of Vehumet.
  5460 | D:6      | Reached **** piety under Elyvilon
  5465 | D:6      | Found a deep blue altar of Sif Muna.
  5742 | D:6      | Found Oghysch's Distillery.
  5747 | D:6      | Bought a potion of degeneration for 13 gold pieces
  6063 | D:7      | Upgraded the game from 0.21-a0-283-g622b906 to 0.21-a0-531-gacddea6133
  6063 | D:7      | Quit the game

Vault maps used:
D:1:      onia_arrival_pyramid, amethyst_killhole
D:2:      grunt_temple_overflow_diamond, lemuel_doored_altar, uniq_robin,
          uniq_natasha
D:3:      first_bread, uniq_crazy_yiuf_cottage
D:4:      minmay_misc_feat_x, grunt_qazlal_sundering, uniq_edmund, uniq_ijyb
D:5:      nicolae_ru_great_annihilating_truth, grunt_ministairs_14
D:6:      lemuel_upstairs_altar, vehumet_altar_wand_db, old_standard_altar,
          serial_shops, shop
D:7:      temple_pool_b, trog_butcher_becter

Skill      XL: |  1  2  3  4  5  6  7  8  9 |
---------------+----------------------------+-----
Dodging        | 1 2 |  2.2
Maces & Flails | 3 4 5 6 |  6.1
Invocations    | 2 3 5 |  5.1
Fighting       | 4 5 7 8 |  8.1
Armour         | 4 5 6 8 |  8.0
Shields        | |  3.2

Action                   |  1- 3 |  4- 6 |  7- 9 || total
-------------------------+-------+-------+-------++-------
Melee: Flail             |   147 |   230 |   289 ||   666
Throw: Stone             |    12 |    22 |    84 ||   118
Invok: Lesser Healing    |       |     2 |     3 ||     5
  Use: Scroll            |     1 |     4 |     2 ||     7
       Potion            |       |     1 |       ||     1
 Stab: Paralysed         |       |       |     1 ||     1
  Eat: Chunk             |       |     9 |    10 ||    19
Armor: Scale mail        |    60 |    90 |     8 ||   158
       Chain mail        |       |       |   134 ||   134
       Plate armour      |       |       |     9 ||     9
Dodge: Dodged            |    82 |   171 |   169 ||   422
Block: Shield            |    75 |       |       ||    75

Table legend:
 A = Spawn XP
 B = Non-spawn XP
 C = Spawn XP percentage of total XP
 D = Spawn monster count
 E = Non-spawn monster count
 F = Spawn count percentage of total count
 G = Total turns spent on level
                    A         B        C        D         E        F      G
               +---------+---------+-------+---------+---------+-------+---------
         Total |       0 |    3559 |   0.0 |       0 |     168 |   0.0 |  6063
               +---------+---------+-------+---------+---------+-------+---------
           D:1 |       0 |      51 |   0.0 |       0 |      31 |   0.0 |  1158
           D:2 |       0 |     189 |   0.0 |       0 |      29 |   0.0 |  1019
           D:3 |       0 |     268 |   0.0 |       0 |      30 |   0.0 |  1109
           D:4 |       0 |     839 |   0.0 |       0 |      22 |   0.0 |   860
           D:5 |       0 |     666 |   0.0 |       0 |      23 |   0.0 |   944
           D:6 |       0 |    1528 |   0.0 |       0 |      30 |   0.0 |   950
           D:7 |       0 |      18 |   0.0 |       0 |       3 |   0.0 |    23
               +---------+---------+-------+---------+---------+-------+---------
